Map: Ascension vers Aïur EC

Players

Blunte

  • Race: Terran Terran
  • League: Gold
  • Spawn Location: 11:00

zidar - Winner!

  • Race: Zerg Zerg
  • League: Gold
  • Spawn Location: 5:00

VOD

Have the link to the VOD?

Description

Time

  • Played on: July 8, 2017, 3:55 p.m.
  • Length: 4:39
Show
View Real Time Build Order
Export as new Build Order

Blunte Terran 

Build Orders:  

Get SALT Encoding   

  12  0:01  SCV  
  13  0:13  SCV  
  14  0:17  Supply Depot  
  14  0:25  SCV  
  15  0:39  SCV  
  15  0:41  Barracks  
  16  0:51  SCV  
  17  1:03  SCV  
  18  1:16  SCV  
  19  1:27  Marine  
  19  1:31  Orbital Command  
  20  1:46  Command Center  
  20  2:00  SCV  
  21  2:06  Barracks  
  21  2:09  Refinery  
  21  2:10  Refinery  
  21  2:11  Marine  
  21  2:12  SCV  
  23  2:23  Supply Depot  
  22  2:40  SCV  
  23  2:44  Barracks Reactor  
  23  2:52  SCV  
  23  2:55  Barracks Tech Lab  
  24  3:05  Orbital Command  
  24  3:24  Engineering Bay  
  24  3:31  Marine  
  24  3:32  Marine, Orbital Command  
  24  3:33  Factory  
  26  3:35  Marauder  
  28  3:44  SCV  
  28  3:56  SCV  
  28  3:59  Bunker  
  27  4:16  Marine x3  
Show
View Real Time Build Order
Export as new Build Order

zidar Zerg - Winner!

Build Orders: Hatch First 

Get SALT Encoding   

  12  0:01  Drone  
  13  0:12  Overlord  
  13  0:17  Drone  
  14  0:30  Drone x2  
  14  0:34  Drone  
  17  0:54  Hatchery  
  16  0:59  Drone  
  16  1:02  Extractor, Drone  
  17  1:09  Drone  
  18  1:26  Spawning Pool  
  17  1:45  Drone  
  17  1:46  Drone  
  19  2:14  Queen x2  
  23  2:17  Zergling x8  
  23  2:18  Metabolic Boost  
  27  2:45  Zergling x2  
  27  2:47  Overlord  
  27  2:48  Overlord x2  
  28  2:56  Baneling Nest  
  28  2:58  Zergling x2  
  27  3:16  Zergling x10  
  32  3:33  Zergling x10  
  37  3:45  Zergling x2  
  37  3:46  Zergling x4  
Tags
 
Add a new tag
Caveats
  • Supply blocks, unpowered buildings, or Contaminate may cause inaccurate times.
  • Supply counts are checked every 10 seconds.